 Dungeon Crawl Stone Soup version 0.28-a0-1447-ga5a8893891 (webtiles) character file.

Game seed: 10114066134559683805

57 southernslant the Ducker (level 3, 0/16 HPs)
             Began as a Felid Transmuter on Jan 11, 2022.
             Killed by divine providence
             ... invoked by an orc priest
              (16 damage)
             ... on level 4 of the Dungeon.
             The game lasted 00:09:12 (3702 turns).

southernslant the Ducker (Felid Transmuter)         Turns: 3702, Time: 00:09:14

Health: 0/16       AC:  1    Str:  8    XL:     3   Next: 73%
Magic:  5/8        EV: 19    Int: 14    God:
Gold:   210        SH:  0    Dex: 22    Spells: 4/7 levels left
                                        Lives:  0   Deaths: 1

rFire   . . .      SeeInvis +     - Unarmed
rCold   . . .      Faith    .   (shield unavailable)
rNeg    . . .      Spirit   .   (armour unavailable)
rPois   .          Reflect  .   (helmet unavailable)
rElec   .          Harm     .   (cloak unavailable)
rCorr   .          Rampage  .   (gloves unavailable)
Will    .....                   (boots unavailable)
Stlth   ++........              (no amulet)
HPRegen 0.05/turn               b - +6 ring of dexterity
MPRegen 0.11/turn               f - +4 ring of slaying

@: appendages, wereblooded, quick
A: horns 2, very small, claws 1, fangs 3, see invisible, speed 1, shaggy fur 1,
stealthy paws, no weapons or thrown items, no armour, multi-lived
a: End Transformation


You were on level 4 of the Dungeon.
You had temporarily grown beastly horns.
You visited 1 branch of the dungeon, and saw 4 of its levels.

You collected 210 gold pieces.

Inventory:

Jewellery
 b - a +6 ring of dexterity (left paw)
 f - a +4 ring of slaying (right paw)
Wands
 k - a wand of mindburst (12)
Scrolls
 c - 3 scrolls of identify {unknown}
 g - a scroll of enchant weapon {unknown}
 j - a scroll of blinking {unknown}
Potions
 a - a potion of ambrosia {unknown}
 d - a potion of cancellation {unknown}
 e - a potion of heal wounds {unknown}
 h - a potion of might {unknown}
 i - a potion of curing {unknown}


   Skills:
 * Level 2.2 Fighting
 + Level 3.4 Dodging
 + Level 1.9 Stealth
 + Level 3.3 Unarmed Combat
 * Level 2.8 Spellcasting
 + Level 3.0 Transmutations


You had 4 spell levels left.
You knew the following spells:

 Your Spells              Type           Power      Damage    Failure   Level
a - Beastly Appendage     Tmut           20%        N/A       6%          1
b - Wereblood             Tmut           10%        N/A       10%         2

Your spell library contained the following spells:

 Spells                   Type           Power      Damage    Failure   Level
 Spider Form              Tmut/Pois      6%         N/A       34%         3
 Ozocubu's Armour         Ice            2%         N/A       54%         3
 Ice Form                 Ice/Tmut       6%         N/A       75%         4
 Ozocubu's Refrigeration  Ice            1%         4d5       100%        7


Dungeon Overview and Level Annotations

Branches:
Dungeon (4/15)
 Temple: D:4-7

Altars:
Dithmenos
Ru


Innate Abilities, Weirdness & Mutations

You have temporarily grown beastly horns.
You have sharp claws.
You have razor-sharp teeth.
You have supernaturally acute eyesight. (SInv)
You cover ground quickly. (Speed+)
You are covered in fur. (AC +1)
Your paws help you pounce on unaware monsters.
You are incapable of wielding weapons or throwing items.
You cannot wear armour.
You gain extra lives every three experience levels.


Message History

You are now level 3!
Your horns disappear.
You rejoin the land of the living...
Found five items.
Found a stone staircase leading up.
k - a wand of mindburst (12)
You pick up Ozocubu's Autobiography and begin reading...
You add the spells Ozocubu's Armour and Ozocubu's Refrigeration to your library.
Unknown command.
Found a lajatang.
You open the door.
Found an escape hatch in the ceiling.
There is an open door here.
There is an escape hatch in the ceiling here.
A bullfrog comes into view.
The bullfrog moves out of view.
Casting: Beastly Appendage (safe; 6% risk of failure)
Confirm with . or Enter, or press ? or * to list all spells.
Your blood is infused with primal strength.
Casting: Wereblood (safe; 10% risk of failure)
Confirm with . or Enter, or press ? or * to list all spells.
You grow a pair of large bovine horns.
The orc wizard shouts!
You claw the orc priest!
The orc priest is heavily wounded.
The orc wizard casts a spell.
The orc wizard flickers and vanishes for a moment.
The orc priest looks braver for a moment.
You barely miss the orc priest. Your headbutt misses the orc priest.
Your bite misses the orc priest.
The orc priest is heavily wounded.
The orc priest mumbles some strange prayers to Beogh against you.
Beogh smites you!
Ouch! That really hurt!
You die...

..##################
..........oo.oBo.†<#
.........@##########
..#######.# #.# #.#
#.# ############.#
.. #<...........# ..
#.##########.# #
##'######## ###


You could see an orc priest, an orc wizard (invisible), 2 orcs and a giant
cockroach.

Vanquished Creatures
  Terence (D:3)
  4 adders
  4 dart slugs
  7 ball pythons
  3 bats (D:1)
  6 endoplasms
  2 giant cockroaches
  6 goblins
  7 hobgoblins
  A quokka (D:1)
  4 frilled lizards
  3 kobolds
  6 rats
54 creatures vanquished.

Notes
Turn   | Place    | Note
-------+----------+-------------------------------------------
     0 | D:1      | southernslant the Felid Transmuter began the quest for the
                  | Orb.
     0 | D:1      | Reached XP level 1. HP: 9/9 MP: 4/4
   153 | D:1      | Reached XP level 2. HP: 12/12 MP: 6/6
   730 | D:1      | Reached skill level 1 in Stealth
  1146 | D:1      | Reached XP level 3. HP: 15/15 MP: 7/7
  1306 | D:2      | Learned a level 2 spell: Wereblood
  2439 | D:3      | Reached XP level 4. HP: 14/19 MP: 6/8
  2679 | D:3      | Found a sacrificial altar of Ru.
  2704 | D:3      | Found a shadowy altar of Dithmenos.
  2706 | D:3      | Noticed Terence
  2717 | D:3      | Killed Terence
  3632 | D:4      | Killed from afar by an orc wizard
  3633 | D:4      | Reached XP level 3. HP: -5/16 MP: 7/8
  3697 | D:4      | Noticed a bullfrog
  3702 | D:4      | Killed from afar by an orc priest

Illustrated notes

Levels and vault maps discovered:
D:1:      dpeg_arrival_signposts, layout_basic, chequers_serial_rivers_small_a,
          minmay_domino_4
D:2:      layout_basic
D:3:      layout_basic, mainiacjoe_overflow_catwalk_spiral, uniq_terence
D:4:      layout_basic

Skill      XL: |  1  2  3  4 |
---------------+-------------+-----
Dodging        | 3 |  3.4
Stealth        | 1 |  1.9
Fighting       | 2 |  2.2
Transmutations | 3 |  3.0
Unarmed Combat | |  3.3
Spellcasting   | |  2.8

Action                   |  1- 3 |  4- 6 || total
-------------------------+-------+-------++-------
Melee: Unarmed           |    88 |    22 ||   110
       Headbutt          |     4 |     5 ||     9
       Bite              |     6 |     1 ||     7
       Punch             |     2 |       ||     2
 Cast: Beastly Appendage |     9 |     3 ||    12
       Wereblood         |     1 |     1 ||     2
 Stab: Sleeping          |     8 |     3 ||    11
Armor: Skin              |     3 |     1 ||     4
Dodge: Dodged            |    42 |     7 ||    49

Table legend: (Time is in decaauts)
 A = Elapsed time spent in this place.
 B = Non-inter-level travel time spent in this place.
 C = Inter-level travel time spent in this place.
 D = Time resting spent in this place.
 E = Time spent auto-exploring this place.
 F = Levels seen in this place.
 G = Mean time per level.
                   A        B        C        D        E       F      G
               +--------+--------+--------+--------+--------+-----+--------+
         Total |   3293 |   3229 |     64 |      0 |   2676 |   4 |  823.2 |
       Dungeon |   3293 |   3229 |     64 |      0 |   2676 |   4 |  823.2 |
               +--------+--------+--------+--------+--------+-----+--------+

Top non-repeatable levels by time:
     D:3: 1188 daAuts
     D:1: 1188 daAuts
     D:2: 826 daAuts
     D:4: 89 daAuts
